 Dungeon Crawl Stone Soup version 0.30-a0-1094-g860fb061e7 (webtiles) character file.

Game seed: 4551311925581887509

1479 Dittersdorf the Covered (level 8, -66/52 HPs)
             Began as a Gargoyle Fighter on Apr 17, 2023.
             Was a Believer of Okawaru.
             Annihilated by a titanic slime creature (87 damage)
             ... on level 6 of the Dungeon.
             The game lasted 00:08:12 (5213 turns).

Dittersdorf the Covered (Gargoyle Fighter)          Turns: 5213, Time: 00:08:13

Health: -66/52     AC: 24    Str: 22    XL:     8   Next: 79%
Magic:  8/8        EV:  8    Int:  9    God:    Okawaru [**....]
Gold:   441        SH:  5    Dex:  9    Spells: 7/7 levels left

rFire   . . .      SeeInvis .    D - +3 flail (heavy)
rCold   . . .      Faith    +    c - +0 buckler
rNeg    + . .      Spirit   .    y - +5 chain mail
rPois   ∞          Reflect  .    i - +2 helmet
rElec   +          Rampage  .    (no cloak)
rCorr   .                        (no gloves)
Will    .....                    (no boots)
Stlth   x                          - amulet of faith
HPRegen 0.28/turn                (no ring)
MPRegen 0.11/turn                (no ring)

@: no status effects
A: sickness immunity, AC +5, negative energy resistance 1, electricity
resistance, torment resistance 1, petrification resistance
a: Renounce Religion, Heroism


You were on level 6 of the Dungeon.
You worshipped Okawaru.
Okawaru was pleased with you.
You visited 2 branches of the dungeon, and saw 8 of its levels.

You collected 441 gold pieces.

Inventory:

Hand Weapons
 D - a +3 heavy flail (weapon)
Armour
 c - a +0 buckler (worn)
 i - a +2 helmet (worn)
 y - a +5 chain mail (worn)
Jewellery
 x - an amulet of faith (around neck)
Scrolls
 a - a scroll of enchant weapon
 k - a scroll of fog
 o - 3 scrolls of magic mapping
 q - a scroll of brand weapon
 B - 2 scrolls of fear
Potions
 b - 2 potions of flight {unknown}
 d - 3 potions of might
 f - 3 potions of resistance {unknown}
 g - a potion of heal wounds {unknown}
 n - 7 potions of curing {unknown}
 t - 2 potions of magic {unknown}
 u - a potion of cancellation
 v - a potion of berserk rage
 C - a potion of mutation


   Skills:
 + Level 6.6 Fighting
 + Level 5.6 Maces & Flails
 + Level 6.7 Armour
 + Level 6.6 Shields


You had 7 spell levels left.
You didn't know any spells.
Your spell library contained the following spells:

 Spells                   Type           Power      Damage    Failure   Level
 Freeze                   Ice            0%         1d3       96%         1
 Blink                    Tloc           0%         N/A       99%         2
 Lesser Beckoning         Tloc           0%         N/A       99%         2
 Momentum Strike          Conj/Tloc      0%         3d8       99%         2
 Frozen Ramparts          Ice            0%         1d1       100%        3
 Gell's Gravitas          Tloc           0%         N/A       100%        3
 Hailstorm                Conj/Ice       0%         3d3       100%        3
 Teleport Other           Tloc           0%         N/A       100%        3
 Blade Hands              Tmut           0%         N/A       100%        5
 Dispersal                Tloc           0%         N/A       100%        6
 Iron Shot                Conj/Erth      0%         9d1       100%        6
 Animate Armour           Summ/Erth      Unusable   N/A       N/A         4

Dungeon Overview and Level Annotations

Branches:
Dungeon (7/15)             Temple (1/1) D:5

Altars:
Gozag
Makhleb
Okawaru
Ru
Trog
Yredelemnul

Shops:
D:4 ?


Innate Abilities, Weirdness & Mutations

You are immune to sickness and miasma.
Your stone body is resilient. (AC +5)
You are immune to poison.
You resist negative energy. (rN+)
You are resistant to electric shocks. (rElec)
You are resistant to unholy torment.
You are immune to petrification.


Message History

The kobold brigand hits you but does no damage.
Two slime creatures merge to form a large slime creature.
The kobold hits you but does no damage.
The kobold brigand hits you but does no damage.
You bludgeon the kobold brigand!!
You kill the kobold brigand!
Okawaru accepts your kill.
The kobold hits you but does no damage. x2
Two slime creatures merge to form a large slime creature.
The orc hits you but does no damage. The kobold hits you with a +0 dagger.
You block the kobold's attack.
You barely miss the kobold.
Two slime creatures merge to form a very large slime creature.
The orc barely misses you. You block the kobold's attack.
The kobold barely misses you.
You hit the kobold.
The kobold is heavily wounded.
You block the orc's attack. You block the kobold's attack.
The kobold hits you but does no damage. You block the kobold's attack.
Two slime creatures merge to form a titanic slime creature.
You sock the kobold!
You kill the kobold!
Okawaru accepts your kill. The slime creature hits you!
The slime creature hits you but does no damage.
The titanic slime creature closely misses you.
The kobold attacks as you move away! The kobold hits you but does no damage.
There is a stone staircase leading up here.
The slime creature barely misses you.
The titanic slime creature closely misses you.
The kobold hits you but does no damage.
You climb upwards.
There is a stone staircase leading down here.
The kobold throws a stone.
The stone hits you but does no damage.
The titanic slime creature attacks as you move away!
The titanic slime creature hits you!!
The titanic slime creature attacks as you move away!
The titanic slime creature hits you!!!!
Ouch! That really hurt!
You die...

#...÷.#### #.# #.)......#
#.# #.....##.# #.#
#.....##.# #.# #.....##.#
#.# ###'####.##
#.########## #.# #..##
#..........# #.#####..#
#.########.# ###.....##.#
#@# #.# ....###.##.# #J#
#.# ......#.##.## #J# #.#
.(#.#.#.##..####.# #.#
..#.#.#........>K########.#
..#.#.#...................#
..#.#.......###############
..#.#####.#.# ..#.#.....#.#


You could see a titanic slime creature, a slime creature and a kobold.

Vanquished Creatures
  Edmund (D:5)
  A water moccasin (D:6)
  A black bear (D:6)
  An ogre (D:6)
  A phantom (D:6)
  A bullfrog (D:6)
  A kobold brigand (D:7)
  A scorpion (D:5)
  5 wights
  A howler monkey (D:5)
  2 orc priests (D:6)
  A jelly (D:5)
  A gnoll bouda (D:5)
  A sleepcap (D:4)
  4 iguanas
  11 gnolls
  3 adders
  2 white imps (D:6)
  An ufetubus (D:3)
  4 dart slugs
  A worm (D:3)
  20 orcs
  9 ball pythons
  7 endoplasms
  A giant cockroach (D:3)
  5 goblins
  7 hobgoblins
  8 kobolds
  7 quokkas
  6 bats
  6 frilled lizards
  6 rats
127 creatures vanquished.

Notes
Turn   | Place    | Note
-------+----------+-------------------------------------------
     0 | D:1      | Dittersdorf the Gargoyle Fighter began the quest for the
                  | Orb.
     0 | D:1      | Reached XP level 1. HP: 14/14 MP: 1/1
    56 | D:1      | Found a faded altar of an unknown god.
   126 | D:1      | Reached XP level 2. HP: 16/19 MP: 2/2
   400 | D:1      | Reached XP level 3. HP: 23/23 MP: 3/3
  1130 | D:2      | Found a burning altar of Makhleb.
  1388 | D:3      | Reached XP level 4. HP: 24/29 MP: 4/4
  1946 | D:3      | Reached XP level 5. HP: 33/33 MP: 5/5
  2361 | D:4      | Found The Oracle's Delphic Readings.
  3089 | D:5      | Entered Level 5 of the Dungeon
  3089 | D:5      | Noticed Edmund
  3109 | D:5      | Killed Edmund
  3110 | D:5      | Reached XP level 6. HP: 6/40 MP: 6/6
  3411 | D:5      | Found a staircase to the Ecumenical Temple.
  3420 | Temple   | Entered the Ecumenical Temple
  3426 | Temple   | Became a worshipper of Warmaster Okawaru
  3587 | D:5      | Reached skill level 5 in Fighting
  3622 | D:5      | Reached skill level 5 in Armour
  3622 | D:5      | Reached skill level 5 in Shields
  3667 | D:5      | Reached XP level 7. HP: 44/44 MP: 7/7
  3929 | D:5      | Reached * piety under Okawaru
  4295 | D:5      | Reached ** piety under Okawaru
  4296 | D:5      | Reached XP level 8. HP: 32/51 MP: 8/8
  4478 | D:6      | Reached skill level 5 in Maces & Flails
  5051 | D:6      | Found a bloodstained altar of Trog.
  5198 | D:7      | Noticed a slime creature
  5198 | D:7      | Noticed a slime creature
  5198 | D:7      | Noticed a slime creature
  5199 | D:7      | Noticed a slime creature
  5199 | D:7      | Noticed a slime creature
  5199 | D:7      | Noticed a slime creature
  5213 | D:6      | Annihilated by a titanic slime creature

Illustrated notes

Levels and vault maps discovered:
D:1:      minmay_arrival_solitary_statue, layout_rooms,
          shapermc_ecumenical_altar_petra, minmay_misc_feat_pillars
D:2:      layout_basic, basic_altar, dreamdust_princess_bridge
D:3:      layout_loops_corners, kennysheep_generic_room_5
D:4:      layout_rooms, nicolae_nh_oracle_at_delphi
D:5:      layout_loops_cross, minmay_temple_entry_glass, patterned_corridor,
          uniq_edmund
D:6:      layout_basic, bloody_trog
D:7:      layout_basic, mainiacjoe_overflow_alcove_1,
          mainiacjoe_overflow_alcove_3
Temple:   compressed_dpeg_circular_temple

Skill      XL: |  1  2  3  4  5  6  7  8 |
---------------+-------------------------+-----
Fighting       | 4 5 6 |  6.6
Armour         | 4 5 6 |  6.7
Shields        | 4 5 6 |  6.6
Maces & Flails | 3 4 5 |  5.6

Action                     |  1- 3 |  4- 6 |  7- 9 || total
---------------------------+-------+-------+-------++-------
  Melee: Flail             |   134 |   226 |   107 ||   467
    Use: Scroll            |       |     7 |    10 ||    17
 Armour: Scale mail        |    77 |    25 |       ||   102
         Chain mail        |       |   143 |   108 ||   251
  Dodge: Dodged            |    49 |   129 |    53 ||   231
  Block: Buckler           |    35 |    57 |    34 ||   126

Table legend: (Time is in decaauts)
 A = Elapsed time spent in this place.
 B = Non-inter-level travel time spent in this place.
 C = Inter-level travel time spent in this place.
 D = Time resting spent in this place.
 E = Time spent auto-exploring this place.
 F = Levels seen in this place.
 G = Mean time per level.
                   A        B        C        D        E       F      G
               +--------+--------+--------+--------+--------+-----+--------+
         Total |   5381 |   5203 |    178 |    637 |   3389 |   8 |  672.6 |
       Dungeon |   5368 |   5190 |    178 |    637 |   3389 |   7 |  766.9 |
        Temple |     12 |     12 |      0 |      0 |      0 |   1 |   12.0 |
               +--------+--------+--------+--------+--------+-----+--------+

Top non-repeatable levels by time:
     D:3: 1203 daAuts
     D:5: 1094 daAuts
     D:6: 967 daAuts
     D:4: 819 daAuts
     D:2: 640 daAuts
     D:1: 627 daAuts
     D:7: 16 daAuts
  Temple: 12 daAuts
